 Dungeon Crawl Stone Soup version 0.17-a0-2073-gde5cdba (webtiles) character file.

89 derrpe the Twirler (level 4, -5/27 HPs)
             Began as a Gargoyle Gladiator on Oct 16, 2015.
             Was an Initiate of Ru.
             Killed by divine providence
             ... invoked by an orc priest
              (12 damage)
             ... on level 3 of the Dungeon.
             The game lasted 00:03:37 (2327 turns).

derrpe the Twirler (Gargoyle Gladiator)             Turns: 2327, Time: 00:03:37

Health: -5/27      AC:  9    Str: 18    XL:     4   Next: 55%
Magic:  4/4        EV: 11    Int: 10    God:    Ru [......]
Gold:   115        SH:  0    Dex: 10    Spells: 0 memorised, 3 levels left

rFire  . . .     SeeInvis .     a - +0 quarterstaff
rCold  . . .     Clarity  .     g - +0 ring mail (curse)
rNeg   + . .     SustAt   .     (no shield)
rPois  ∞         Gourm    .     c - +0 helmet
rElec  +         Spirit   .     (no cloak)
rCorr  .         Warding  .     (no gloves)
rMut   .         Stasis   .     (no boots)
MR     .....                    (no amulet)
Stlth  ..........               (no ring)
                                f - ring of wizardry

@: not resistant to hostile enchantments, extremely unstealthy
A: negative energy resistance 1, electricity resistance, unbreathing,
petrification resistance, rot immunity, AC +3
a: Renounce Religion


You were on level 3 of the Dungeon.
You worshipped Ru.
Ru was noncommittal.
You were not hungry.

You visited 1 branch of the dungeon, and saw 3 of its levels.

You collected 115 gold pieces.

Inventory:

Hand Weapons
 a - a +0 quarterstaff (weapon)
Missiles
 d - 2 throwing nets {=f}
 i - 38 stones (quivered)
 k - 8 javelins of penetration
Armour
 c - a +0 helmet (worn)
 g - a cursed +0 ring mail (worn)
Jewellery
 f - a ring of wizardry (left hand)
Scrolls
 l - a scroll of remove curse {unknown}
 n - a scroll of noise {unknown}
 p - a scroll of identify {unknown}
Potions
 j - a potion of flight {unknown}
 m - a potion of heal wounds {unknown}
 o - 2 potions of curing {unknown}
Books
 b - a book of Changes

   Spells                             Type                      Level
   a - Beastly Appendage              Transmutation                1
   b - Sticks to Snakes               Transmutation                2
   c - Spider Form                    Transmutation/Poison         3
   d - Ice Form                       Ice/Transmutation            4
   e - Blade Hands                    Transmutation                5
Comestibles
 e - 4 bread rations {@e1}


   Skills:
 + Level 2.9 Fighting
 * Level 3.8 Staves
 * Level 2.6 Throwing
 + Level 2.8 Dodging


You had 3 spell levels left.
You didn't know any spells.

Dungeon Overview and Level Annotations

Branches:
Dungeon (3/15)

Altars:
Ru


Innate Abilities, Weirdness & Mutations

You are resistant to torment.
Your stone body is resilient (AC +3).
You are immune to poison.
You resist negative energy.
You are resistant to electric shocks.
You can survive without breathing.
You are immune to petrification.
You are immune to rotting.


Message History

The orc barely misses you.
An orc priest comes into view. It is wielding a trident.
The orc barely misses you.
The orc priest casts a cantrip, but nothing happens.
You closely miss the orc. The orc closely misses you.
The orc priest invokes the aid of Beogh against you.
Something smites you!
Ouch! That really hurt!
You barely miss the orc. The orc barely misses you.
You hit the orc.
The orc is heavily wounded.
The orc hits you with a trident.
* * * LOW HITPOINT WARNING * * *
You are too injured to fight recklessly!
You are too injured to fight recklessly!
You barely miss the orc.
The orc is heavily wounded.
The orc priest calls down the wrath of Beogh upon you.
Something smites you!
You die...

#.# ..## ...########
........... ...########
#.## ..# ###
#############
.(o.(>o@>...# .#
###########.# #.# #.# #.#
#.# #.### ####### #.#
....# #.....# #.# ###
#.#.#
#.....######.#########.##
#.#.###
#.............)........#.
).....#
#.....#####.#.##########.


You could see an orc priest and an orc.

Vanquished Creatures
  2 adders (D:2)
  An ooze (D:3)
  2 worms (D:2)
  2 giant geckos (D:2)
  3 orcs (D:3)
  8 bats
  A giant cockroach (D:1)
  5 goblins
  5 hobgoblins
  2 jackals (D:1)
  A quokka (D:2)
  A ball python (D:1)
  2 giant newts (D:2)
  12 kobolds
  8 rats
55 creatures vanquished.

Notes
Turn   | Place    | Note
--------------------------------------------------------------
     0 | D:1      | derrpe the Gargoyle Gladiator began the quest for the Orb.
     0 | D:1      | Reached XP level 1. HP: 12/12 MP: 1/1
   163 | D:1      | Reached XP level 2. HP: 18/18 MP: 2/2
   517 | D:1      | Reached XP level 3. HP: 22/22 MP: 3/3
  1267 | D:2      | Reached XP level 4. HP: 25/27 MP: 4/4
  1620 | D:2      | Found a sacrificial altar of Ru.
  1823 | D:2      | Became a worshipper of Ru the Awakened
  2327 | D:3      | Killed from afar by an orc priest

Vault maps used:
D:1:      lightli_arrival_statuegarden, minivault_24
D:2:      nicolae_ru_path_of_blood, minmay_misc_feat_diagonals
D:3:      gup_sewer_entry_spiral

Action                   |  1- 3 |  4- 6 || total
-------------------------+-------+-------++-------
Melee: Quarterstaff      |   129 |    52 ||   181
Throw: Stone             |    83 |    53 ||   136
       Throwing net      |     3 |       ||     3
  Eat: Chunk             |     1 |     1 ||     2
       Meat ration       |       |     1 ||     1
